 Dungeon Crawl Stone Soup version 0.27.1-15-g792fb953b9 (webtiles) character file.

Game seed: 1324530462331777460

143 belegose the Skirmisher (level 5, -4/41 HPs)
             Began as a Djinni Berserker on Nov 18, 2021.
             Was a Believer of Trog.
             Killed from afar by an orc wizard (8 damage)
             ... with a magic dart
             ... on level 3 of the Dungeon.
             The game lasted 00:05:15 (2413 turns).

belegose the Skirmisher (Djinni Berserker)          Turns: 2413, Time: 00:05:16

Health: -4/41      AC:  2    Str: 14 (17) XL:     5   Next: 50%
Gold:   88         EV: 12    Int:  8 (9)  God:    Trog [**....] SH:  0 Dex: 10 (12)

rFire    + + .     SeeInvis .   a - +0 scimitar
rCold    + . .     Faith    .   (no shield)
rNeg     . . .     Spirit   .   b - +0 animal skin
rPois    ∞         Reflect  .   (no helmet)
rElec    +         Harm     .   (no cloak)
rCorr    +         Rampage  .   (no gloves)
Will     .....                  (boots unavailable)
Stlth    +.........             (no amulet)
HPRegen  0.13/turn              i - ring of ice
MPRegen  0.00/turn              (no ring)

@: resistant, attractive, flying
A: sickness immunity, fire resistance 2, cold vulnerability 1, float, innate
caster, hp casting, extra vitality 1
a: Renounce Religion, Berserk, Trog's Hand


You were on level 3 of the Dungeon.
You worshipped Trog.
Trog was pleased with you.
You visited 1 branch of the dungeon, and saw 3 of its levels.

You collected 88 gold pieces.

Inventory:

Hand Weapons
 a - a +0 scimitar (weapon)
Missiles
 k - 66 stones (quivered)
Armour
 b - a +0 animal skin (worn)
Jewellery
 h - a ring of fire
 i - a ring of ice (left hand)
Scrolls
 c - a scroll of blinking {unknown}
 d - 6 scrolls of identify {unknown}
 e - a scroll of enchant armour {unknown}
 m - 2 scrolls of enchant weapon {unknown}
 n - a scroll of fog {unknown}
Potions
 l - a potion of flight


   Skills:
 + Level 3.7 Fighting
 + Level 3.3 Long Blades
 + Level 0.9 Throwing
 + Level 2.9 Armour
 + Level 3.2 Dodging
 + Level 1.0 Evocations


You had one spell level left.
You knew the following spells:

 Your Spells              Type           Power      Damage    Failure   Level
a - Foxfire               Conj/Fire      0%         2x1d4     41%         1
b - Wereblood             Tmut           0%         N/A       54%         2
Your spell library was empty.

Dungeon Overview and Level Annotations

Branches:
Dungeon (3/15)

Altars:


Innate Abilities, Weirdness & Mutations

You are immune to sickness and miasma.
You are immune to poison.
Your flesh is very heat resistant. (rF++)
You are vulnerable to cold. (rC-)
You float through the air rather than walking.
You learn spells naturally, not from books.
Your magical power is your life essence.
You have superior vitality. (+4 HP)


Message History

You hear some strange, mumbled words.
A magic dart appears from out of thin air!
The magic dart hits you.
You completely miss something. Something hits you but does no damage.
You bump into the rock wall.
Something hits you.
You closely miss something. Something hits you. x2
You closely miss something.
You hear some strange, mumbled words.
You are more confused.
You miss something. Something hits you.
A magic dart appears from out of thin air!
The magic dart hits you.
* * * LOW HITPOINT WARNING * * *
You are too confused!
Okay, then.
It was a potion of flight.
You feel more buoyant.
A magic dart appears from out of thin air!
The magic dart hits you!
* * * LOW HITPOINT WARNING * * *
It was a potion of curing.
You feel better.
It was a potion of degeneration.
There was something very wrong with that liquid.
You feel weakened.
You feel dopey.
You feel clumsy. Something hits you.
* * * LOW HITPOINT WARNING * * *
It was a potion of resistance.
You feel protected. Something hits you.
* * * LOW HITPOINT WARNING * * *
It was a potion of attraction.
You feel attractive to monsters. Something hits you.
* * * LOW HITPOINT WARNING * * *
You aren't carrying any items that you can evoke.
You hit something but do no damage.
An orc wizard appears from thin air!
Reactivating autopickup.
The orc wizard points at you and mumbles some strange words.
The magic dart hits you!
You die...

.....## #
##.#.#####.#
##.#.......#
#...###.####
.#.......#
#.#.###.##
##.####.## ###
#...#############.##
#..........@oo......
#...################
#####


You could see an orc wizard and an orc.

Vanquished Creatures
  Natasha (thrice) (D:2)
  An adder (D:2)
  4 dart slugs
  An orc (D:3)
  2 ball pythons
  7 endoplasms
  2 giant cockroaches
  5 goblins (D:1)
  3 hobgoblins
  4 jackals (D:1)
  3 kobolds (D:2)
  3 quokkas (D:1)
  4 bats (D:2)
  3 frilled lizards
  3 rats
48 creatures vanquished.

Notes
Turn   | Place    | Note
-------+----------+-------------------------------------------
     0 | D:1      | belegose the Djinni Berserker began the quest for the Orb.
     0 | D:1      | Reached XP level 1. HP: 20/20 MP: 0/0
   114 | D:1      | Reached XP level 2. HP: 18/25 MP: 0/0
   256 | D:1      | Found a faded altar of an unknown god.
   763 | D:1      | Reached XP level 3. HP: 30/30 MP: 0/0
   763 | D:1      | Learned a level 1 spell: Foxfire
  1299 | D:1      | Reached ** piety under Trog
  1665 | D:2      | Reached XP level 4. HP: 33/35 MP: 0/0
  1933 | D:2      | Noticed Natasha
  1938 | D:2      | Killed Natasha
  2064 | D:2      | Noticed Natasha
  2072 | D:2      | Killed Natasha
  2073 | D:2      | Reached XP level 5. HP: 15/40 MP: 0/0
  2073 | D:2      | Learned a level 2 spell: Wereblood
  2276 | D:2      | Noticed Natasha
  2292 | D:2      | Killed Natasha
  2293 | D:2      | Reached skill level 1 in Evocations
  2408 | D:3      | HP: 1/41 [something/magic dart (8)]
  2413 | D:3      | Killed from afar by an orc wizard

Illustrated notes

Levels and vault maps discovered:
D:1:      amcnicky_arrival_wind_blow, layout_basic, basic_ecumenical_altar,
          corner_web_ring
D:2:      layout_rooms, kennysheep_generic_room_13, uniq_natasha
D:3:      layout_loops_ring, mainiacjoe_overflow_surrounded_room, minitemple

Skill      XL: |  1  2  3  4  5 |
---------------+----------------+-----
Long Blades    | 3 |  3.3
Dodging        | 3 |  3.2
Evocations     | 1 |  1.0
Fighting       | |  3.7
Throwing       | |  0.9
Armour         | |  2.9

Action                   |  1- 3 |  4- 6 || total
-------------------------+-------+-------++-------
Melee: Falchion          |    38 |       ||    38
       Scimitar          |    45 |    54 ||    99
Invok: Berserk           |       |     2 ||     2
  Use: Potion            |       |     5 ||     5
Armor: Animal skin       |    16 |    12 ||    28
Dodge: Dodged            |    75 |    31 ||   106
       Rpst.: Falchion   |    10 |       ||    10
       Scimitar          |    10 |    10 ||    20
